Valkyrie, lawful female human Valkyrie ---- | | | | | | | | | | | |.|.| .............h............... .Z..................B....b .......a............... ..................... ................. |.....e....F.... |................. ---- ------ --- |...................|.|.|.|.|.--- |... `..s................i@.(.......| | ---Z.............W..............Yda.v.....--- .....| |......................s.................:....v.@d@.d...[..^..............| |............?..Z................................q..o.....................| |.........h..[....................................!.d.................*...| |[....[......(..............s....[.......[...........d...........(.....*..| | | | | | | | | | | | | | | | | | | | | |.|.|.|.|.|.|h|.|.|.| | | | | | | ---------- ---------- Valkyrie the Woman-at-arms Experience level: 10 Strength: 18/07 Dexterity: 14 Constitution: 18 Intelligence: 8 Wisdom: 8 Charisma: 7 Health: 0(98) Energy: 25(25) Def: 11 Gold: 84 Moves: 20575 Dungeon seed: U-4ivzPwLxx60GHY Game ID: Valkyrie_1507821268 Your Inventory: Coins $ - 84 gold pieces Amulets R - an uncursed amulet of unchanging (being worn) Weapons a - the blessed rustproof +1 Excalibur (weapon in hand) f - 3 +0 orcish daggers (in quiver) N - 4 blessed +0 daggers Armor e - an uncursed burnt +3 small shield (being worn) n - an uncursed +0 pair of leather gloves (being worn) y - an uncursed +0 orcish helm (being worn) D - an uncursed +0 dwarvish cloak (being worn) E - a blessed +0 pair of iron shoes (being worn) M - an uncursed +0 scale mail (being worn) Scrolls l - a cursed scroll of teleportation K - an uncursed scroll of light L - 2 uncursed scrolls of blank paper T - an uncursed scroll of gold detection W - an uncursed scroll of earth Y - 3 uncursed scrolls of teleportation Rings h - an uncursed ring of polymorph control j - an uncursed +2 ring of protection m - an uncursed ring of see invisible p - an uncursed ring of searching s - an uncursed ring of free action C - an uncursed ring of protection from shape changers I - an uncursed ring of warning Q - an uncursed +1 ring of gain constitution (on left hand) Wands c - a wand of light (0:11) d - a wand of speed monster (0:5) i - a wand of digging (0:7) k - a wand of opening (0:6) x - a cursed wand of polymorph (0:7) G - a wand of undead turning (0:8) O - a wand of striking (0:4) P - a wand of enlightenment (0:15) X - a wand of magic missile (0:4) Z - a wand of secret door detection (0:9) Tools b - an uncursed bag of holding g - an uncursed skeleton key t - an uncursed towel w - an uncursed magic whistle H - 3 uncursed tallow candles (0:200) J - a +0 unicorn horn S - a cursed magic lamp Gems q - an uncursed luckstone Contents of the bag of holding: 7768 gold pieces a cursed amulet versus poison an uncursed potion of levitation a blessed potion of object detection 4 uncursed potions of water an uncursed leash a +0 pick-axe an uncursed amber stone an uncursed topaz stone Spells and supernatural/magical abilities: Name Level Category Fail Memory k - knock 1* matter 100% 0% W - pray for help -- divine ? -- Your skills at the end: Fighting Skills Weapon Skills dagger [Skilled] long sword [Expert] Spellcasting Skills Final Attributes: You were piously aligned. You were cold resistant. You were sleep resistant. You were poison resistant. You were level-drain resistant. You had automatic searching. You were stealthy. You could not change from your current form. You were fast. You were unlucky. You had extra luck. Bad luck did not time out for you. Good luck did not time out for you. You are dead. Vanquished creatures: a ghost 2 watch captains 3 giant mimics 3 large mimics a wumpus 2 giant mummies a black naga 4 small mimics a warhorse a wood golem a large dog 2 shocking spheres a large cat 2 ochre jellies a leocrotta a stone giant an elf mummy a human mummy a red naga 2 wraiths an ettin zombie a leather golem 3 watchmen a chameleon a crocodile 2 giant beetles 2 quivering blobs 2 cockatrices 3 wolves a winter wolf cub a gremlin a spotted jelly 13 leprechauns an orc-captain an iron piercer a giant spider 2 ice vortices 3 black lights a vampire bat a gnome king 2 yetis 2 lizards 3 chickatrices a housecat 2 gray unicorns 2 dust vortices 4 apes a rope golem 5 Woodland-elves 3 soldier ants a bugbear an imp a wood nymph a water nymph a mountain nymph 6 Uruk-hai 3 orc shamans 5 rock piercers 3 rock moles a pony 3 yellow lights a shrieker a violet fungus 21 gnome lords 3 gnomish wizards 2 kobold mummies a red naga hatchling a black naga hatchling 2 golden naga hatchlings 2 guardian naga hatchlings 3 gray oozes a barrow wight 12 elf zombies 2 straw golems 11 giant ants 6 little dogs 8 floating eyes 4 kittens 11 dwarves 2 homunculi a kobold lord 10 hill orcs 10 rothes 3 rabid rats a centipede 2 giant bats a monkey 20 orc zombies 3 wererats 2 werejackals 7 iguanas 4 killer bees 5 acid blobs 7 coyotes 2 gas spores 3 hobbits 5 manes 3 large kobolds a hobgoblin 3 giant rats 9 cave spiders 2 brown molds 2 yellow molds 4 green molds a red mold 69 gnomes 4 garter snakes 2 gnome zombies 8 geckos 7 jackals 4 foxes 3 kobolds 8 goblins 10 sewer rats 15 grid bugs 8 bats 15 lichens 6 kobold zombies 12 newts 501 creatures vanquished. Voluntary challenges: You had been an atheist until turn 3259. You used a wielded weapon 596 times, starting on turn 86. You read items or engraved 31 times, starting on turn 4550. You never genocided any monsters. You never polymorphed an object. You never changed form. You used no wishes. You never split a pudding. You wrote Elbereth's name 12 times, starting on turn 4551. You violated your moral code, losing 125 points of alignment, starting on turn 12697. Dungeon overview: The Dungeons of Doom: levels 1 to 10 Level 1 a fountain, a sink a long staircase Level 2 a scroll shop, a fountain Level 3 Level 4 stairs to The Gnomish Mines Level 5 Level 6 an altar to Tyr Level 7 a general store Level 8 Level 9 stairs to Sokoban Level 10 <- You were here The Gnomish Mines: levels 5 to 12 Level 5 stairs to The Dungeons of Doom Level 6 Level 7 Level 8 many shops, a temple to Odin, a fountain, some trees Level 9 Level 10 Level 11 Level 12 Sokoban: levels 5 to 8 Level 5 Level 6 Level 7 Level 8 stairs to The Dungeons of Doom History has recorded: On T:1 you entered the Dungeons of Doom to retrieve the Amulet of Yendor! On T:563 you reached level 2 of The Dungeons of Doom. On T:1011 you reached level 3 of The Dungeons of Doom. On T:1027 you advanced to experience level 2. On T:1328 you reached level 4 of The Dungeons of Doom. On T:2410 you advanced to experience level 3. On T:4164 you reached level 5 of The Dungeons of Doom. On T:4489 you reached level 6 of The Dungeons of Doom. On T:5318 you advanced to experience level 4. On T:5841 you reached level 7 of The Dungeons of Doom. On T:6691 you advanced to experience level 5. On T:6925 you advanced to experience level 6. On T:7382 you reached level 8 of The Dungeons of Doom. On T:8393 you reached level 1 of The Gnomish Mines. On T:8415 you advanced to experience level 7. On T:8830 you reached level 2 of The Gnomish Mines. On T:9075 you reached level 3 of The Gnomish Mines. On T:9216 you reached level 4 of The Gnomish Mines. On T:10822 you reached level 9 of The Dungeons of Doom. On T:11081 you reached level 10 of The Dungeons of Doom. On T:11160 you advanced to experience level 8. On T:12100 you reached level 4 of Sokoban. On T:12786 you reached level 3 of Sokoban. On T:13304 you reached level 2 of Sokoban. On T:13896 you reached level 1 of Sokoban. On T:14311 you advanced to experience level 9. On T:16283 you reached level 5 of The Gnomish Mines. On T:16550 you reached level 6 of The Gnomish Mines. On T:16609 you reached level 7 of The Gnomish Mines. On T:16912 you reached level 8 of The Gnomish Mines. On T:18904 you advanced to experience level 10. Score breakdown: Gold: 7852 (13249 points) Experience: 10 levels (16712 points) Exploration: 12 levels ( 25.00%) (14513 points) Discoveries: 32 items ( 13.01%) (10820 points) Valuables value: (no points given unless you survive) Artifact value: 4000 (12253 points) Variety of kills: 119 monsters ( 31.23%) (16766 points) Turncount: 20575 turns (-3444 points) Survival: died (score multiplied by 80%) Total score: 64695 Latest messages: The soldier ant bites! The soldier ant misses. The soldier ant bites! The soldier ant misses. You hear a crunching sound. You feel better. ñB bites the dingo. The dingo misses ñB. The mumak butts! The mumak bites! The soldier ant bites! The soldier ant misses. The dingo bites ñB. (2x) You hit the soldier ant! ñB bites the dingo. The dingo bites ñB. The mumak butts! The mumak misses. The soldier ant bites! The soldier ant stings! You die... Final status: Farvel Valkyrie the Valkyrie, killed by a soldier ant... You died in The Dungeons of Doom on dungeon level 10 with 64695 points, and 7852 pieces of gold, after 20575 moves. You were level 10 with a maximum of 98 hit points when you died.